 Dungeon Crawl Stone Soup version 0.19.1-1-g22dce08 (webtiles) character file.

155 galech the Cudgeler (level 5, -5/55 HPs)
             Began as an Ogre Berserker on Jan 5, 2017.
             Was a Priest of Trog.
             Slain by an orc
             ... wielding a +2 morningstar of protection
              (9 damage)
             ... on level 2 of the Dungeon.
             The game lasted 00:06:22 (2501 turns).

galech the Cudgeler (Ogre Berserker)                Turns: 2501, Time: 00:06:23

Health: -5/55      AC:  3    Str: 25    XL:     5   Next: 37%
Magic:  5/5        EV: 11    Int:  6    God:    Trog [***...]
Gold:   89         SH:  0    Dex:  9    Spells: 0 memorised, 4 levels left

rFire  . . .     SeeInvis .     a - +1 mace
rCold  . . .     Gourm    .     b - +0 animal skin
rNeg   . . .     Faith    .     (no shield)
rPois  .         Spirit   .     (helmet restricted)
rElec  .         Reflect  .     (no cloak)
rCorr  .         Harm     .     (gloves unavailable)
MR     .....                    (boots unavailable)
Stlth  +.........               (no amulet)
                                n - +2 ring of strength
                                (no ring)

@: no status effects
A: unfitting armour, tough skin 1
a: Berserk, Trog's Hand, Burn Spellbooks, Renounce Religion


You were on level 2 of the Dungeon.
You worshipped Trog.
Trog was most pleased with you.
You were not hungry.

You visited 1 branch of the dungeon, and saw 3 of its levels.

You collected 89 gold pieces.

Inventory:

Hand Weapons
 a - a +1 mace (weapon)
Armour
 b - a +0 animal skin (worn)
Jewellery
 n - a +2 ring of strength (right hand)
Scrolls
 d - a scroll of enchant weapon
 e - a scroll of blinking
 r - a scroll of teleportation
Potions
 j - a potion of curing {unknown}
 l - 4 potions of flight {unknown}
 m - a potion of ambrosia {unknown}
Comestibles
 c - 2 bread rations
 f - a chunk of flesh
 o - a slice of pizza


   Skills:
 + Level 4.7 Fighting
 + Level 6.2 Maces & Flails
 + Level 3.6 Dodging
 + Level 0.4 Stealth


You had 4 spell levels left.
You didn't know any spells.

Dungeon Overview and Level Annotations

Branches:
Dungeon (3/15)

Altars:
Gozag
Okawaru
Yredelemnul


Innate Abilities, Weirdness & Mutations

You are too large for most types of armour.
You have tough skin. (AC +1)


Message History

You are too injured to fight recklessly!
You are too injured to fight recklessly!
You are too injured to fight recklessly!
You are too injured to fight recklessly!
You are too injured to fight recklessly!
You are too injured to fight recklessly!
You are too injured to fight recklessly!
You are too injured to fight recklessly!
You are too injured to fight recklessly!
You are too injured to fight recklessly!
You are too injured to fight recklessly!
You are too injured to fight recklessly!
You are too injured to fight recklessly!
You are too injured to fight recklessly!
You closely miss the orc. The orc closely misses you.
You closely miss the orc. The orc barely misses you.
You closely miss the orc. The orc closely misses you.
You closely miss the orc.
The orc hits you with a morningstar of protection!
You die...

###.######.# #..##....# #.##.#
...#.......# #(..'.^^_# #.##.#
###.######## #..##.^^.# #.##.#
#.# #.####^#^# #.##.# #.# #.#
##### #.##.# #.# #.######
#.##.## #.############.##.#.#
#......
#............o)...#.#####..#...
##############@...#....##..#..#
#.#######.........
#....#........####
#.##.#.######.# #.##.#.######.#
#...>.........# ###############


You could see an orc.

Vanquished Creatures
  An orc wizard (D:3)
  4 adders
  3 oozes
  A worm (D:3)
  4 dart slugs
  2 leopard geckos
  5 orcs (D:3)
  A ball python (D:2)
  4 giant cockroaches
  8 goblins
  4 hobgoblins
  2 jackals (D:1)
  A quokka (D:2)
  6 bats
  3 frilled lizards
  10 kobolds
  7 rats
  A spectral orc (D:2)
67 creatures vanquished.

Notes
Turn   | Place    | Note
-------+----------+-------------------------------------------
     0 | D:1      | galech the Ogre Berserker began the quest for the Orb.
     0 | D:1      | Reached XP level 1. HP: 24/24 MP: 1/1
   202 | D:1      | Reached XP level 2. HP: 30/32 MP: 2/2
   499 | D:1      | Reached XP level 3. HP: 38/40 MP: 3/3
  1049 | D:2      | Reached skill level 5 in Maces & Flails
  1203 | D:2      | Reached ** piety under Trog
  1233 | D:2      | Reached XP level 4. HP: 26/49 MP: 4/4
  1563 | D:2      | Found an opulent altar of Gozag.
  1956 | D:2      | Found a basalt altar of Yredelemnul.
  2258 | D:3      | Found an iron altar of Okawaru.
  2264 | D:3      | Reached XP level 5. HP: 37/55 MP: 5/5
  2268 | D:3      | Reached skill level 6 in Maces & Flails
  2470 | D:3      | Reached *** piety under Trog
  2489 | D:3      | HP: 2/55 [orc wizard/magic dart (5)]
  2501 | D:2      | Slain by an orc

Skill      XL: |  1  2  3  4  5 |
---------------+----------------+-----
Dodging        | 3 |  3.6
Maces & Flails | 5 6 |  6.2
Fighting       | |  4.7
Stealth        | |  0.4

Action                   |  1- 3 |  4- 6 || total
-------------------------+-------+-------++-------
Melee: Mace              |    88 |   116 ||   204
  Use: Scroll            |     1 |     7 ||     8
 Stab: Sleeping          |       |     1 ||     1
  Eat: Chunk             |     1 |     4 ||     5
Armor: Animal skin       |    49 |    26 ||    75
Dodge: Dodged            |    75 |    85 ||   160
